 Dungeon Crawl Stone Soup version 0.20.1-1-g8b1a95d (webtiles) character file.

1241 pstr the Firebug (level 8, -2/66 HPs)
             Began as a Naga Fire Elementalist on Dec 6, 2017.
             Was an Initiate of Ru.
             Slain by a slave (7 damage)
             ... led by Pikel
             ... on level 6 of the Dungeon.
             The game lasted 00:19:27 (6671 turns).

pstr the Firebug (Naga Fire Elementalist)           Turns: 6671, Time: 00:19:28

Health: -2/66      AC:  7    Str: 14    XL:     8   Next: 49%
Magic:  16/16      EV: 11    Int: 17    God:    Ru [......]
Gold:   69         SH:  0    Dex: 13    Spells: 14/17 levels left

rFire    . . .     SeeInvis +   n - +0 dagger (venom)
rCold    . . .     Gourm    .   (no shield)
rNeg     . . .     Faith    .   a - +0 robe
rPois    +         Spirit   .   (no helmet)
rElec    .         Reflect  .   M - +1 cloak of Chimes {Str+4}
rCorr    +         Harm     +   J - +1 pair of gloves
MR       +....                  (no barding)
Stlth    +.........             e - amulet of harm
Regen    0.3/turn               L - ring of see invisible
MPRegen  0.2/turn               s - ring of resist corrosion

@: confused, very slow
A: see invisible, deformed body, poison resistance, slowness 2, slow metabolism
1, spit poison 1, missing an eye, AC +2
a: Spit Poison, Renounce Religion


You were on level 6 of the Dungeon.
You worshipped Ru.
Ru was noncommittal.
You were not hungry.

You visited 1 branch of the dungeon, and saw 6 of its levels.

You collected 278 gold pieces.
You spent 209 gold pieces at shops.

Inventory:

Hand Weapons
 n - a +0 dagger of venom (weapon)
 y - a +0 short sword
Missiles
 i - 191 stones (quivered)
Armour
 a - a +0 robe (worn)
 j - a +0 leather armour
 p - a +0 helmet
 q - a +0 ring mail
 H - a cursed +0 shield
 J - a +1 pair of gloves (worn)
 M - the +1 cloak of Chimes (worn) {Str+4}
   (You bought it in a shop on level 5 of the Dungeon)

   It affects your strength (+4).
Jewellery
 e - an amulet of harm (around neck)
 f - an uncursed ring of protection from fire
 l - an uncursed amulet of guardian spirit
 s - a ring of resist corrosion (right hand)
 L - a ring of see invisible (left hand)
Wands
 K - a wand of flame (18/48)
Scrolls
 d - a scroll of fog {unknown}
 g - 5 scrolls of remove curse {unknown}
 k - 4 scrolls of identify {unknown}
 m - a scroll of blinking {unknown}
 o - 5 scrolls of teleportation {unknown}
 r - 3 scrolls of fear {unknown}
 t - a scroll of random uselessness {unknown}
 u - 2 scrolls of magic mapping {unknown}
 w - 2 scrolls of recharging {unknown}
 G - a scroll of noise {unknown}
Potions
 v - 2 potions of heal wounds {unknown}
 x - 2 potions of agility {unknown}
 A - 3 potions of flight {unknown}
 E - a potion of lignification {unknown}
 I - a potion of resistance {unknown}
Books
 b - a book of Flames

   Spells                             Type                      Level
   a - Flame Tongue                   Conjuration/Fire             1
   b - Throw Flame                    Conjuration/Fire             2
   c - Conjure Flame                  Conjuration/Fire             3
   d - Inner Flame                    Hexes/Fire                   3
   e - Sticky Flame                   Conjuration/Fire             4
   f - Fireball                       Conjuration/Fire             5
 B - a book of Misfortune

   Spells                             Type                      Level
   a - Confusing Touch                Hexes                        1
   b - Confuse                        Hexes                        3
   c - Gell's Gravitas                Translocation                3
   d - Petrify                        Transmutation/Earth          4
   e - Metabolic Englaciation         Hexes/Ice                    5
   f - Yara's Violent Unravelling     Hexes/Transmutation          5
Comestibles
 c - 3 bread rations
 h - 5 royal jellies
 z - 3 meat rations
 C - 4 fruits
 F - 2 chunks of flesh


   Skills:
 + Level 1.7 Fighting
 + Level 0.6 Short Blades
 + Level 3.2 Dodging
 + Level 4.5 Stealth
 + Level 5.3 Spellcasting
 + Level 4.5 Conjurations
 + Level 5.8 Fire Magic


You had 14 spell levels left.
You knew the following spells:

 Your Spells              Type           Power        Failure   Level  Hunger
a - Flame Tongue          Conj/Fire      ###..        1%          1    None
b - Throw Flame           Conj/Fire      ###...       2%          2    #......


Dungeon Overview and Level Annotations

Branches:
Dungeon (6/15)             Temple (0/1) D:4

Altars:
Hepliaklqana
Ru
Sif Muna
Xom

Shops:
D:5 *[[:(

Annotations:
D:6 Pikel


Innate Abilities, Weirdness & Mutations

You cannot wear boots.
Your serpentine skin is tough. (AC +2)
You have supernaturally acute eyesight. (SInv)
Armour fits poorly on your strangely shaped body.
Your system is resistant to poisons. (rPois)
You cover ground very slowly.
You have a slow metabolism.
You can spit poison.
You are missing an eye, making it more difficult to aim.


Message History

* * * LOW HITPOINT WARNING * * *
The slave barely misses you. Pikel barely misses you.
You are confused.
You feel invigorated. The slave misses you. The slave hits you.
* * * LOW HITPOINT WARNING * * *
The slave hits you.
* * * LOW HITPOINT WARNING * * *
Pikel hits you but does no damage. The slave hits you!
* * * LOW HITPOINT WARNING * * *
The slave closely misses you.
The crimson imp blinks!
The slave hits you!
* * * LOW HITPOINT WARNING * * *
The slave closely misses you.
The crimson imp shouts, "Embrace thy dedition, thou artless common-kissing pustule!"
The crimson imp blinks!
You barely miss Pikel.
Pikel is severely wounded.
The slave hits you.
You die...

## #.############
.. #.#....<(....#
#.###......###...#
#.....#.##.# #..
##.....##.#
###.####.#
#.####.#
###.....5#
#p@...#### #ppK<.#
#.p.?.# #.....#
#.....# .....$.#
..##.##.# ##. #.#
..# .. .. #.


You could see Pikel, 4 slaves and a crimson imp.

Vanquished Creatures
  Sigmund (D:5)
  Menkaure (D:4)
  An ice beast (D:5)
  The ghost of bobthegiant the Sneak, an amateur SpEn of Ashenzari (D:3)
  A scorpion (D:4)
  A bullfrog zombie (D:6)
  A crimson imp (D:5)
  2 hounds
  A jelly (D:5)
  An orc priest (D:5)
  2 orc wizards
  Jessica (D:2)
  A centaur skeleton (D:4)
  Terence (D:2)
  Natasha (D:3)
  5 worker ants
  A worker ant zombie (D:3)
  Robin (D:4)
  2 howler monkey skeletons
  11 adders
  4 oozes
  3 worms
  5 dart slugs
  2 leopard geckos
  15 orcs
  8 bats
  5 giant cockroaches
  11 goblins
  12 hobgoblins
  6 jackals
  4 quokkas
  6 kobolds
  7 rats
125 creatures vanquished.

Notes
Turn   | Place    | Note
-------+----------+-------------------------------------------
     0 | D:1      | pstr the Naga Fire Elementalist began the quest for the Orb.
     0 | D:1      | Reached XP level 1. HP: 15/15 MP: 3/3
   366 | D:1      | Reached XP level 2. HP: 20/22 MP: 0/5
   783 | D:1      | Reached XP level 3. HP: 21/28 MP: 3/6
  1545 | D:2      | Noticed Jessica
  1548 | D:2      | Killed Jessica
  1548 | D:2      | Reached XP level 4. HP: 29/36 MP: 3/8
  1641 | D:2      | Learned a level 2 spell: Throw Flame
  2156 | D:2      | Reached XP level 5. HP: 20/42 MP: 0/9
  2358 | D:2      | Found a shimmering altar of Xom.
  2359 | D:2      | Noticed Terence
  2365 | D:2      | Killed Terence
  3223 | D:3      | Found a sacrificial altar of Ru.
  3246 | D:3      | Became a worshipper of Ru the Awakened
  3330 | D:3      | Noticed bobthegiant's ghost (amateur SpEn)
  3356 | D:3      | Killed bobthegiant's ghost
  3356 | D:3      | Reached XP level 6. HP: 49/50 MP: 4/11
  3563 | D:3      | Noticed Natasha
  3568 | D:3      | Killed Natasha
  4062 | D:4      | Noticed Robin
  4080 | D:4      | Killed Robin
  4116 | D:4      | Reached XP level 7. HP: 10/56 MP: 1/13
  4386 | D:4      | Found a staircase to the Ecumenical Temple.
  4552 | D:4      | Noticed Menkaure
  4556 | D:4      | Killed Menkaure
  4556 | D:4      | Reached skill level 1 in Fighting
  4556 | D:4      | Reached skill level 5 in Fire Magic
  4810 | D:4      | Gained mutation: You are missing an eye, making it more difficult to aim. [Ru sacrifice]
  5370 | D:5      | Entered Level 5 of the Dungeon
  5375 | D:5      | Found a deep blue altar of Sif Muna.
  5377 | D:5      | Found a hazy altar of Hepliaklqana.
  5397 | D:5      | HP: 2/57 [ice beast (9)]
  5398 | D:5      | Reached skill level 5 in Spellcasting
  5730 | D:5      | Noticed Sigmund
  5932 | D:5      | Killed Sigmund
  5932 | D:5      | Reached XP level 8. HP: 41/64 MP: 11/15
  6382 | D:5      | Found Xausiytt's Antique Armour Emporium.
  6391 | D:5      | Found Zarag's Book Emporium.
  6392 | D:5      | Found Wouj's Antique Armour Emporium.
  6393 | D:5      | Found Gyeb's Assorted Antiques.
  6404 | D:5      | Bought a translucent cloak for 209 gold pieces
  6413 | D:5      | Identified the +1 cloak of Chimes {Str+4} (You bought it in a shop on level 5 of the Dungeon)
  6470 | D:5      | Found Kiesk's Weapon Shop.
  6652 | D:6      | Noticed Pikel
  6670 | D:6      | HP: 2/66 [slave[Pikel] (8)]
  6671 | D:6      | Slain by a slave

Skill      XL: |  1  2  3  4  5  6  7  8 |
---------------+-------------------------+-----
Fire Magic     | 4 5 |  5.8
Conjurations   | 2 4 |  4.5
Spellcasting   | 3 4 5 |  5.3
Dodging        | 2 3 |  3.2
Fighting       | 1 |  1.7
Stealth        | 4 |  4.5
Short Blades   | |  0.6

Action                   |  1- 3 |  4- 6 |  7- 9 || total
-------------------------+-------+-------+-------++-------
Melee: Dagger            |       |     1 |    30 ||    31
Throw: Stone             |       |     1 |       ||     1
 Cast: Flame Tongue      |    53 |   147 |    92 ||   292
       Throw Flame       |       |     2 |       ||     2
Invok: Sacrifice an Eye  |       |       |     1 ||     1
 Abil: Spit Poison       |     6 |     5 |     2 ||    13
  Use: Potion            |       |     1 |     1 ||     2
  Eat: Chunk             |     3 |     7 |     3 ||    13
       Bread ration      |       |       |     1 ||     1
Armor: Robe              |    12 |    29 |    24 ||    65
Dodge: Dodged            |    19 |    58 |    42 ||   119
